 Dungeon Crawl Stone Soup version 0.21.0-3-g78d12a8bdd (webtiles) character file.

71 G3Kappa the Digger (level 4, -4/39 HPs)
             Began as a Gargoyle Earth Elementalist on Jan 12, 2018.
             Slain by a worker ant (5 damage)
             ... on level 2 of the Dungeon.
             The game lasted 00:04:00 (1787 turns).

G3Kappa the Digger (Gargoyle Earth Elementalist)    Turns: 1787, Time: 00:04:00

Health: -4/39      AC:  5    Str: 16    XL:     4   Next: 24%
Magic:  1/7        EV: 12    Int: 22    God:
Gold:   155        SH:  0    Dex: 10    Spells: 4/7 levels left

rFire    . . .     SeeInvis .   i - +0 hand axe
rCold    . . .     Gourm    .   (no shield)
rNeg     + . .     Faith    .   c - +0 robe
rPois    ∞         Spirit   .   (no helmet)
rElec    +         Reflect  .   (no cloak)
rCorr    .         Harm     .   (no gloves)
MR       .....                  (no boots)
Stlth    ..........             (no amulet)
HPRegen  0.13/turn              (no ring)
MPRegen  0.10/turn              (no ring)

@: brilliant, berserking, very slightly contaminated, invisible, very quick
A: negative energy resistance 1, electricity resistance, unbreathing,
petrification resistance, rot immunity, AC +3
a: no special abilities


You were on level 2 of the Dungeon.
You were hungry.

You visited 1 branch of the dungeon, and saw 2 of its levels.

You collected 155 gold pieces.

Inventory:

Hand Weapons
 i - a +0 hand axe (weapon)
Missiles
 b - 36 stones (quivered)
Armour
 c - a +0 robe (worn)
Scrolls
 a - 4 scrolls of remove curse {unknown}
 h - 7 scrolls of identify {unknown}
 l - a scroll of teleportation {unknown}
Potions
 g - a potion of invisibility
 m - a potion of agility {unknown}
Books
 e - a book of Geomancy

   Spells                             Type                      Level
   a - Sandblast                      Earth                        1
   b - Passwall                       Transmutation/Earth          2
   c - Stone Arrow                    Conjuration/Earth            3
   d - Petrify                        Transmutation/Earth          4
   e - Lee's Rapid Deconstruction     Earth                        5
Comestibles
 d - 3 rations


   Skills:
 * Level 2.2 Fighting
 * Level 2.0 Armour
 - Level 1.5 Dodging
 - Level 2.1 Stealth
 + Level 2.4 Spellcasting
 - Level 0.7 Transmutations
 + Level 4.1 Earth Magic


You had 4 spell levels left.
You knew the following spells:

 Your Spells              Type           Power        Failure   Level  Hunger
a - Sandblast             Erth           ####..       1%          1    None
b - Passwall              Tmut/Erth      ####......   1%          2    ##.....


Dungeon Overview and Level Annotations

Branches:
Dungeon (2/15)

Altars:
Ashenzari


Innate Abilities, Weirdness & Mutations

You are resistant to torment.
Your stone body is resilient. (AC +3)
You are immune to poison.
You resist negative energy. (rN+)
You are resistant to electric shocks. (rElec)
You can survive without breathing.
You are immune to petrification.
You are immune to rotting.


Message History

The worker ant bites you but does no damage.
You hit the worker ant.
The worker ant is almost dead.
The worker ant bites you.
* * * LOW HITPOINT WARNING * * *
It was a potion of invisibility.
You fade into invisibility!
The worker ant closely misses you.
The worker ant bites you but does no damage.
It was a potion of brilliance.
You feel clever all of a sudden. The worker ant barely misses you.
It was a potion of berserk rage.
A red film seems to cover your vision as you go berserk!
You feel yourself moving faster!
You feel mighty! The worker ant barely misses you.
You completely miss the worker ant.
The worker ant is almost dead.
The worker ant bites you.
You die...

# #.#....#..# #.#.........#.#
####.#.#..#########.#............
....................#.#.......#.#
####.#.##.###########.#........#.
# #.....#.# #.#........#. #
#..####>###########.#..8...8### #
#...................#....8...#.
######'################..).....#.
.............#..@a..# #........#.
.............######.# #.......#.#
.............# #.# #......#.#.
.....[)÷.....######.# #.....#.#.#
.............#......# #....#.##.#
.............#......# #...#.###.#
.......).....+......# #..#.## #.#
..^...[......#......# #.#.## #.#
.............#......####.######.#


You could see a worker ant.

Vanquished Creatures
  2 adders (D:2)
  A worm (D:2)
  3 dart slugs
  2 leopard geckos
  A ball python (D:1)
  2 giant cockroaches
  5 goblins
  5 hobgoblins
  A quokka (D:2)
  5 bats
  2 frilled lizards
  6 kobolds
  8 rats
43 creatures vanquished.

Notes
Turn   | Place    | Note
-------+----------+-------------------------------------------
     0 | D:1      | G3Kappa the Gargoyle Earth Elementalist began the quest for the Orb.
     0 | D:1      | Reached XP level 1. HP: 10/10 MP: 3/3
   171 | D:1      | Reached XP level 2. HP: 16/16 MP: 1/5
   225 | D:1      | Reached skill level 1 in Fighting
   225 | D:1      | Reached skill level 1 in Armour
   786 | D:2      | Reached XP level 3. HP: 20/20 MP: 6/6
  1100 | D:2      | Reached skill level 4 in Earth Magic
  1263 | D:2      | Reached XP level 4. HP: 23/26 MP: 4/7
  1359 | D:2      | Learned a level 2 spell: Passwall
  1618 | D:2      | Found a shattered altar of Ashenzari.
  1783 | D:2      | HP: 1/26 [worker ant (2)]
  1787 | D:2      | Slain by a worker ant

Skill      XL: |  1  2  3  4 |
---------------+-------------+-----
Fighting       | 1 2 |  2.2
Armour         | 1 2 |  2.0
Earth Magic    | 4 |  4.1
Dodging        | |  1.5
Stealth        | |  2.1
Spellcasting   | |  2.4
Transmutations | |  0.7

Action                   |  1- 3 |  4- 6 || total
-------------------------+-------+-------++-------
Melee: Unarmed           |     4 |       ||     4
       Hand axe          |    70 |    31 ||   101
 Cast: Sandblast         |    26 |     9 ||    35
       Passwall          |       |     4 ||     4
  Use: Potion            |     2 |     3 ||     5
 Stab: Sleeping          |     1 |     3 ||     4
  Eat: Chunk             |     2 |     1 ||     3
Armor: Robe              |    40 |    11 ||    51
Dodge: Dodged            |    58 |    28 ||    86
